PAAA
SCRANTON SUPERNOVAS @ ALASKAN HUMPBACKS
09/15/2038
 
TOP OF THE 1ST
Scranton Supernovas batting - Pitching for Alaskan Humpbacks : RHP Sasheer Zamata
Pitching: RHP Sasheer Zamata
Batting: LHB António Casas 0-0: Foul Ball, location: 2F
0-1: Called Strike
0-2: Ball
1-2: SINGLE (Line Drive, 78M, EV 96.2 MPH)
Batting: RHB Juan Tellado 0-0: Ball
1-0: Ball
Wild Pitch!
António Casas to second
2-0: Ball
3-0: Called Strike
3-1: SINGLE (Line Drive, 9S, EV 89.4 MPH)
António Casas to third
Batting: LHB David de Meij 0-0: Fly out, F8 (Line Drive, 8RD, EV 86.2 MPH)
Runner from 3rd tags up, SCORES, no throw by CF
Batting: LHB Guan-pei Bei 0-0: Ball
Juan Tellado steals 2nd base
1-0: Called Strike
Juan Tellado is caught stealing 3rd base 2-5
1-1: Foul Ball, location: 2F
1-2: Foul Ball, location: 2F
1-2: Foul Ball, location: 2F
1-2: Ball
2-2: Foul Ball, location: 2F
2-2: Foul Ball, location: 2F
2-2: Strikes out swinging
Top of the 1st over - 1 run, 2 hits, 0 errors, 0 left on base; Scranton 1 - Alaskan 0
BOTTOM OF THE 1ST
Alaskan Humpbacks batting - Pitching for Scranton Supernovas : LHP Will Hoffman
Pitching: LHP Will Hoffman
Batting: LHB Philip Visscher 0-0: Fly out, F8 (Flyball, 8LXD, EV 88.8 MPH)
Batting: RHB Wally Briggs 0-0: Called Strike
0-1: Fly out, F9 (Flyball, 89D, EV 99.4 MPH)
Batting: RHB Pacu Martic 0-0: Called Strike
0-1: Ball
1-1: Foul Ball, location: 2F
1-2: Strikes out swinging
Bottom of the 1st over - 0 runs, 0 hits, 0 errors, 0 left on base; Scranton 1 - Alaskan 0
TOP OF THE 2ND
Scranton Supernovas batting - Pitching for Alaskan Humpbacks : RHP Sasheer Zamata
Batting: RHB Luke Kreijling 0-0: Called Strike
0-1: Swinging Strike
0-2: Ball
1-2: Strikes out swinging
Batting: LHB Chase Popoff 0-0: Ball
1-0: Called Strike
1-1: Fly out, F6 (Flyball, 56D, EV 93.8 MPH)
Batting: RHB Mike Pate 0-0: Ground out 5-3 (Groundball, 56, EV 83.8 MPH)
Top of the 2nd over - 0 runs, 0 hits, 0 errors, 0 left on base; Scranton 1 - Alaskan 0
BOTTOM OF THE 2ND
Alaskan Humpbacks batting - Pitching for Scranton Supernovas : LHP Will Hoffman
Batting: RHB José Torres 0-0: Called Strike
0-1: Ball
1-1: Ball
2-1: Ball
3-1: Fly out, F9 (Flyball, 89M, EV 97.5 MPH)
Batting: LHB Pat Pending 0-0: Ground out 6-3 (Groundball, 6, EV 87.5 MPH)
Batting: LHB Shohei Otani 0-0: Fly out, F9 (Flyball, 9LM, EV 85.6 MPH)
Bottom of the 2nd over - 0 runs, 0 hits, 0 errors, 0 left on base; Scranton 1 - Alaskan 0
TOP OF THE 3RD
Scranton Supernovas batting - Pitching for Alaskan Humpbacks : RHP Sasheer Zamata
Batting: RHB John Willoughby 0-0: Ball
1-0: Ball
2-0: Called Strike
2-1: Foul Ball, location: 2F
2-2: Ball
3-2: Fly out, F8 (Flyball, 78S, EV 83.8 MPH)
Batting: RHB Jeff Quesenberry 0-0: Ball
1-0: Fly out, F7 (Line Drive, 7, EV 91.2 MPH)
Batting: LHB António Casas 0-0: Foul Ball, location: 2F
0-1: Fly out, F5 (Popup, 56S, EV 73.1 MPH)
Top of the 3rd over - 0 runs, 0 hits, 0 errors, 0 left on base; Scranton 1 - Alaskan 0
BOTTOM OF THE 3RD
Alaskan Humpbacks batting - Pitching for Scranton Supernovas : LHP Will Hoffman
Batting: RHB Jon Moon 0-0: Ball
1-0: Fly out, F8 (Flyball, 8RM, EV 93.1 MPH)
Batting: RHB Kyuso Kouno 0-0: Ball
1-0: Called Strike
1-1: Called Strike
1-2: SINGLE (Groundball, 56D, EV 101.9 MPH)
Batting: RHB Thomas Feliciano 0-0: Called Strike
0-1: Fielders Choice at 2nd, 5-4 (Groundball, 56, EV 85.6 MPH)
Batting: LHB Philip Visscher 0-0: Ball
1-0: Ball
2-0: Called Strike
2-1: Fly out, F2 (Popup, 2RF, EV 92.5 MPH)
Bottom of the 3rd over - 0 runs, 1 hit, 0 errors, 1 left on base; Scranton 1 - Alaskan 0
TOP OF THE 4TH
Scranton Supernovas batting - Pitching for Alaskan Humpbacks : RHP Sasheer Zamata
Batting: RHB Juan Tellado 0-0: Swinging Strike
0-1: Ball
1-1: Foul Ball, location: 2F
1-2: DOUBLE (Line Drive, 7LS, EV 109.4 MPH)
Batting: LHB David de Meij 0-0: Ball
1-0: Called Strike
1-1: Ball
2-1: SINGLE (Groundball, 6, EV 76.2 MPH) (infield hit)
Juan Tellado to third
Batting: LHB Guan-pei Bei 0-0: Called Strike
0-1: Called Strike
0-2: Foul Ball, location: 2F
0-2: Foul Ball, location: 2F
0-2: Ball
1-2: Fly out, F9 (Flyball, 9LM, EV 103.1 MPH)
Runner from 3rd tags up, SCORES, no throw by RF
Batting: RHB Luke Kreijling 0-0: Ball
David de Meij is caught stealing 2nd base 2-4
1-0: Foul Ball, location: 2F
1-1: Fly out, F7 (Flyball, 7, EV 96.9 MPH)
Top of the 4th over - 1 run, 2 hits, 0 errors, 0 left on base; Scranton 2 - Alaskan 0
BOTTOM OF THE 4TH
Alaskan Humpbacks batting - Pitching for Scranton Supernovas : LHP Will Hoffman
Batting: RHB Wally Briggs 0-0: Called Strike
0-1: Ball
1-1: Ground out 4-3 (Groundball, 4, EV 87.5 MPH)
Batting: RHB Pacu Martic 0-0: Swinging Strike
0-1: Ball
1-1: Swinging Strike
1-2: Strikes out swinging
Batting: RHB José Torres 0-0: Called Strike
0-1: Fly out, F7 (Flyball, 7, EV 79.4 MPH)
Bottom of the 4th over - 0 runs, 0 hits, 0 errors, 0 left on base; Scranton 2 - Alaskan 0
TOP OF THE 5TH
Scranton Supernovas batting - Pitching for Alaskan Humpbacks : RHP Sasheer Zamata
Batting: LHB Chase Popoff 0-0: Ball
1-0: Ball
2-0: Ball
3-0: Called Strike
3-1: Swinging Strike
3-2: Base on Balls
Batting: RHB Mike Pate 0-0: Reached on error, E5 (Groundball, 5S, EV 43.8 MPH)
Chase Popoff to second
Batting: RHB John Willoughby 0-0: Called Strike
0-1: Ball
1-1: Sac Bunt to 2R - play at third, runner OUT -> throw to first, DP!
Mike Pate to second
Batting: RHB Jeff Quesenberry 0-0: Foul Ball, location: 2F
0-1: Ball
1-1: Foul Ball, location: 2F
1-2: Ball
2-2: Foul Ball, location: 2F
2-2: Foul Ball, location: 2F
2-2: Ball
3-2: Foul Ball, location: 2F
3-2: Base on Balls
Batting: LHB António Casas 0-0: Called Strike
0-1: Ball
1-1: Ball
2-1: Fly out, F8 (Flyball, 8LS, EV 81.9 MPH)
Top of the 5th over - 0 runs, 0 hits, 1 error, 2 left on base; Scranton 2 - Alaskan 0
BOTTOM OF THE 5TH
Alaskan Humpbacks batting - Pitching for Scranton Supernovas : LHP Will Hoffman
Batting: LHB Pat Pending 0-0: Called Strike
0-1: Ball
1-1: Called Strike
1-2: Foul Ball, location: 2F
1-2: Foul Ball, location: 2F
1-2: Ball
2-2: SINGLE (Groundball, 56D, EV 98.1 MPH)
Batting: LHB Shohei Otani 0-0: Swinging Strike
0-1: Ball
1-1: Ball
2-1: Ball
3-1: Ball
Pat Pending to second
Batting: RHB Jon Moon 0-0: Ball
1-0: Swinging Strike
1-1: Foul Ball, location: 2F
1-2: Fielders Choice at 2nd, 1-6 (Groundball, 13, EV 90.0 MPH)
Pat Pending to third
Batting: RHB Kyuso Kouno 0-0: Ball
1-0: Ball
2-0: Called Strike
2-1: Swinging Strike
2-2: SINGLE (Line Drive, 4MD, EV 100.6 MPH)
Pat Pending scores
Jon Moon to second
Batting: RHB Thomas Feliciano 0-0: Ball
1-0: Ball
2-0: Called Strike
2-1: Ball
3-1: Swinging Strike
3-2: Base on Balls
Jon Moon to third
Kyuso Kouno to second
Batting: LHB Philip Visscher 0-0: Swinging Strike
0-1: Swinging Strike
0-2: Ball
1-2: Strikes out looking
Batting: RHB Wally Briggs 0-0: Called Strike
0-1: Foul Ball, location: 2F
0-2: Fly out, F8 (Flyball, 8RM, EV 90.6 MPH)
Bottom of the 5th over - 1 run, 2 hits, 0 errors, 3 left on base; Scranton 2 - Alaskan 1
TOP OF THE 6TH
Scranton Supernovas batting - Pitching for Alaskan Humpbacks : RHP Sasheer Zamata
Batting: RHB Juan Tellado 0-0: Called Strike
0-1: Swinging Strike
0-2: Ball
1-2: Ball
2-2: Fly out, F9 (Flyball, 89M, EV 94.4 MPH)
Pitching: LHP Kanakanui Lokomaikainani
Batting: LHB David de Meij 0-0: Foul Ball, location: 2F
0-1: Ball
1-1: Swinging Strike
1-2: Strikes out swinging
Batting: LHB Guan-pei Bei 0-0: Fly out, F9 (Flyball, 89S, EV 83.8 MPH)
Top of the 6th over - 0 runs, 0 hits, 0 errors, 0 left on base; Scranton 2 - Alaskan 1
BOTTOM OF THE 6TH
Alaskan Humpbacks batting - Pitching for Scranton Supernovas : LHP Will Hoffman
Batting: RHB Pacu Martic 0-0: Called Strike
0-1: Fly out, F7 (Flyball, 7, EV 74.4 MPH)
Batting: RHB José Torres 0-0: Foul Ball, location: 2F
0-1: Called Strike
0-2: Ball
1-2: Ball
2-2: Foul Ball, location: 2F
2-2: Foul Ball, location: 2F
2-2: Ball
3-2: Fly out, F9 (Line Drive, 89M, EV 107.5 MPH)
Batting: LHB Pat Pending 0-0: Ball
1-0: Fly out, F7 (Flyball, 7, EV 85.6 MPH)
Bottom of the 6th over - 0 runs, 0 hits, 0 errors, 0 left on base; Scranton 2 - Alaskan 1
TOP OF THE 7TH
Scranton Supernovas batting - Pitching for Alaskan Humpbacks : LHP Kanakanui Lokomaikainani
Batting: RHB Luke Kreijling 0-0: Ball
1-0: Fly out, F8 (Flyball, 8RM, EV 90.0 MPH)
Batting: LHB Chase Popoff 0-0: Called Strike
0-1: Ball
1-1: Ball
2-1: Foul Ball, location: 2F
2-2: Foul Ball, location: 2F
2-2: Strikes out swinging
Batting: RHB Mike Pate 0-0: Fly out, F7 (Line Drive, 7, EV 105.6 MPH)
Top of the 7th over - 0 runs, 0 hits, 0 errors, 0 left on base; Scranton 2 - Alaskan 1
BOTTOM OF THE 7TH
Alaskan Humpbacks batting - Pitching for Scranton Supernovas : LHP Will Hoffman
Batting: LHB Shohei Otani 0-0: Swinging Strike
0-1: Ball
1-1: Swinging Strike
1-2: Ball
2-2: Ball
3-2: Base on Balls
Batting: RHB Jon Moon 0-0: Ball
1-0: Foul Ball, location: 2F
1-1: Swinging Strike
1-2: Foul Ball, location: 2F
1-2: Foul Ball, location: 2F
1-2: Ball
2-2: SINGLE (Line Drive, 9LS, EV 90.6 MPH)
Shohei Otani to second
Batting: RHB Kyuso Kouno 0-0: Ball
1-0: Sac Bunt to 3S - play at first, batter OUT! 3-1
Shohei Otani to third
Jon Moon to second
Batting: RHB Thomas Feliciano 0-0: Foul Ball, location: 2F
0-1: Fly out, F9 (Flyball, 9D, EV 101.2 MPH)
Runner from 3rd tags up, SCORES, no throw by RF
Batting: LHB Philip Visscher 0-0: Called Strike
0-1: Ball
Wild Pitch!
Jon Moon to third
1-1: Swinging Strike
1-2: Foul Ball, location: 2F
1-2: Ball
Wild Pitch!
Jon Moon scores
2-2: Ball
3-2: Ground out U3 (Groundball, 3, EV 85.0 MPH)
Bottom of the 7th over - 2 runs, 1 hit, 0 errors, 0 left on base; Scranton 2 - Alaskan 3
TOP OF THE 8TH
Scranton Supernovas batting - Pitching for Alaskan Humpbacks : LHP Kanakanui Lokomaikainani
Batting: RHB John Willoughby 0-0: Fly out, F8 (Flyball, 8LM, EV 88.1 MPH)
Batting: RHB Jeff Quesenberry 0-0: Ball
1-0: Foul Ball, location: 2F
1-1: Ball
2-1: Ball
3-1: Foul Ball, location: 2F
3-2: Strikes out swinging
Batting: LHB António Casas 0-0: Called Strike
0-1: Foul Ball, location: 2F
0-2: Strikes out swinging
Top of the 8th over - 0 runs, 0 hits, 0 errors, 0 left on base; Scranton 2 - Alaskan 3
BOTTOM OF THE 8TH
Alaskan Humpbacks batting - Pitching for Scranton Supernovas : LHP Will Hoffman
Batting: RHB Wally Briggs 0-0: Ball
1-0: Ball
2-0: Fly out, F9 (Flyball, 9S, EV 83.8 MPH)
Batting: RHB Pacu Martic 0-0: Ball
1-0: Swinging Strike
1-1: Ball
2-1: Foul Ball, location: 2F
2-2: Ground out 6-3 (Groundball, 6, EV 97.5 MPH)
Batting: RHB José Torres 0-0: Fly out, F7 (Line Drive, 7, EV 106.2 MPH)
Bottom of the 8th over - 0 runs, 0 hits, 0 errors, 0 left on base; Scranton 2 - Alaskan 3
TOP OF THE 9TH
Scranton Supernovas batting - Pitching for Alaskan Humpbacks : LHP Kanakanui Lokomaikainani
Batting: RHB Juan Tellado 0-0: Called Strike
0-1: Ball
1-1: Ball
2-1: Fly out, F8 (Flyball, 8RXD, EV 93.8 MPH)
Batting: LHB David de Meij 0-0: SINGLE (Line Drive, 8LS, EV 102.5 MPH)
Pitching: LHP Hervé Favier
Pinch Hitting: SHB Eugene Clutch 0-0: Ball
1-0: Ball
2-0: Foul Ball, location: 2F
2-1: Foul Ball, location: 2F
2-2: Strikes out swinging
Batting: RHB Luke Kreijling 0-0: Ball
1-0: Fly out, F3 (Line Drive, 3, EV 68.8 MPH)
Top of the 9th over - 0 runs, 1 hit, 0 errors, 1 left on base; Scranton 2 - Alaskan 3
Friday, April 17th, 2020 - OOTP Baseball 20.8 Build 74